 Dungeon Crawl Stone Soup version 0.20-a0-1050-g57248f3 (webtiles) character file.

43 M4edhros the Slasher (level 3, 0/26 HPs)
             Began as an Octopode Fighter on Apr 25, 2017.
             Slain by a centaur
             ... wielding a cursed -2 shortbow
              (6 damage)
             ... on level 5 of the Dungeon.
             The game lasted 00:01:00 (338 turns).

M4edhros the Slasher (Octopode Fighter)              Turns: 338, Time: 00:01:01

Health: 0/26       AC:  1    Str: 15    XL:     3   Next: 58%
Magic:  3/3        EV: 11    Int: 10    God:
Gold:   31         SH:  8    Dex: 12    Spells: 2/2 levels left

rFire    . . .     SeeInvis .   a - +1 long sword
rCold    . . .     Gourm    .   b - +0 shield
rNeg     . . .     Faith    .   (helmet restricted)
rPois    .         Spirit   .   (no amulet)
rElec    .         Reflect  .   (no ring)
rCorr    .         Harm     .   (no ring)
MR       .....                  (no ring)
Stlth    ++........             (no ring)
Regen    0.1/turn               (no ring)
MPRegen  0.1/turn               (no ring)
                                (no ring)
                                (no ring)

@: no status effects
A: almost no armour, stealthy swim, amphibious, 8 rings, constrict 8, camouflage
1, gelatinous body 1
a: no special abilities


You were on level 5 of the Dungeon.
You were not hungry.

You visited 1 branch of the dungeon, and saw 5 of its levels.

You collected 31 gold pieces.

Inventory:

Hand Weapons
 a - a +1 long sword (weapon)
Armour
 b - a +0 shield (worn)
Scrolls
 e - a scroll of noise {unknown}
 f - a scroll of identify {unknown}
 i - 2 scrolls of teleportation
 k - a scroll of enchant armour {unknown}
Potions
 c - a potion of might
 g - 2 potions of heal wounds {unknown}
 j - a potion of curing {unknown}
Comestibles
 d - a bread ration
 h - 6 fruits


   Skills:
 - Level 3.0 Fighting
 + Level 3.8 Long Blades
 - Level 3.0 Dodging
 - Level 3.0 Shields


You had 2 spell levels left.
You didn't know any spells.

Dungeon Overview and Level Annotations

Branches:
Dungeon (5/15)
 Temple: D:4-7

Altars:

Portals:
Ossuary: D:4


Innate Abilities, Weirdness & Mutations

You cannot wear most types of armour.
You are very stealthy in the water. (Stealth+)
You are amphibious.
You can wear up to eight rings at the same time.
You can use your tentacles to constrict eight enemies at once.
Your skin changes colour to match your surroundings (Stealth+).
Your rubbery body absorbs attacks. (AC +1, EV +1)


Message History

Found a cloak.
Found 15 stones.
You now have 31 gold pieces (gained 8).
Found 16 stones.
Found 8 gold pieces.
A centaur comes into view.
You see here a scroll labeled PYQEAXAWEU.
f - a scroll labeled PYQEAXAWEU The centaur wields a glowing shortbow.
The centaur shoots an arrow.
You block the arrow.
The centaur shoots an arrow.
The arrow closely misses you.
You see here a cloak.
The centaur shoots an arrow.
The arrow hits you!
* * * LOW HITPOINT WARNING * * *
The centaur shoots an arrow.
The arrow completely misses you.
You see here an arrow.
Okay, then.
The centaur shoots an arrow.
You block the arrow.
You see here an arrow.
The centaur hits you with an enchanted shortbow.
You die...

## #######
..##....c##
........@..##
........(...#
.........(...#
(........[...#
.............#
.............####
......((........
.............###
$..##...........


You could see a centaur.

Vanquished Creatures
  A centaur skeleton (D:4)
  A worm (D:4)
  5 bats
  2 goblins (D:1)
  2 kobolds
  A rat (D:1)
12 creatures vanquished.

Notes
Turn   | Place    | Note
-------+----------+-------------------------------------------
     0 | D:1      | M4edhros the Octopode Fighter began the quest for the Orb.
     0 | D:1      | Reached XP level 1. HP: 16/16 MP: 1/1
   133 | D:2      | Reached XP level 2. HP: 16/21 MP: 2/2
   268 | D:4      | Found a sand-covered staircase.
   286 | D:4      | Reached XP level 3. HP: 13/26 MP: 3/3
   309 | D:5      | Entered Level 5 of the Dungeon
   331 | D:5      | Noticed a centaur
   338 | D:5      | Slain by a centaur

Vault maps used:
D:1:      dpeg_arrival_water_fire
D:2:      yredelemnul_forgotten_temple_becter, kennysheep_nondescript,
          uniq_jessica
D:3:      kennysheep_goblin_castle, fedhas_altar_4
D:4:      enter_ossuary_2
D:5:      first_bread, serial_shops, nicolae_shop_crystal

Skill      XL: |  1  2 |
---------------+-------+-----
Long Blades    | 3 |  3.8
Fighting       | |  3.0
Dodging        | |  3.0
Shields        | |  3.0

Action                   || total
-------------------------++-------
Melee: Long sword        ||    24
       Constrict         ||     7
       Tentacles         ||     4
  Use: Scroll            ||     3
 Stab: Sleeping          ||     1
Armor: Skin              ||     2
Dodge: Dodged            ||    17
Block: Shield            ||    18
       Rpst.: Long sword ||     5
